 Dungeon Crawl Stone Soup version 0.25-a0-290-g4a1327ee3a (webtiles) character file.

Game seed: 11465594177025146955, levelgen mode: deterministic

7767 floatRand the Blocker (level 11, 0/89 HPs)
             Began as a Gnoll Fighter on Dec 14, 2019.
             Was a Believer of Cheibriados.
             Slain by a wyvern simulacrum (6 damage)
             ... in a Gauntlet.
             The game lasted 00:14:45 (11743 turns).

floatRand the Blocker (Gnoll Fighter)              Turns: 11743, Time: 00:14:46

Health: 0/89       AC:  8    Str: 22    XL:     11   Next: 20%
Magic:  19/20      EV: 17    Int: 16    God:    Cheibriados [**....]
Gold:   657        SH:  0    Dex: 21    Spells: 22/22 levels left

rFire    . . .     SeeInvis +   w - +5 dire flail (venom)
rCold    . . .     Gourm    .   (shield currently unavailable)
rNeg     . . .     Faith    .   a - +2 leather armour of Daisies {Slay+2}
rPois    .         Spirit   .   (no helmet)
rElec    .         Reflect  .   l - scarf {repulsion}
rCorr    .         Harm     .   p - +1 pair of gloves
MR       .....     NoTele   +   (no boots)
Stlth    ++........             y - amulet of the acrobat
HPRegen  0.24/turn              e - ring of attention (curse)
MPRegen  0.17/turn              D - ring of see invisible

@: repel missiles, very slow
A: distributed training, fangs 1, strong nose
a: Bend Time, Renounce Religion


You were in a Gauntlet.
You worshipped Cheibriados.
Cheibriados was pleased with you.
You were hungry.

You visited 2 branches of the dungeon, and saw 12 of its levels.
You also visited: Ossuary and Gauntlet.

You collected 657 gold pieces.

Inventory:

Hand Weapons
 n - a +0 scimitar of flaming
 v - the +8 dagger of the Equator {pain, rPois SInv}
   (You took it off a big kobold on level 6 of the Dungeon)

   In the hands of one skilled in necromantic magic, it inflicts extra damage on
   living creatures.
   It protects you from poison.
   It lets you see invisible.
 w - a +5 dire flail of venom (weapon)
 J - a +2 dagger of electrocution
Missiles
 A - 36 poisoned darts (quivered)
Armour
 a - the +2 leather armour of Daisies (worn) {Slay+2}
   (You found it on level 10 of the Dungeon)

   It affects your accuracy and damage with ranged weapons and melee attacks
   (+2).
 b - a +0 scale mail
 c - a +0 shield
 k - the +2 robe of Fedhas's Pride {Int+4, unknown}
   (You found it on level 11 of the Dungeon)

   It affects your intelligence (+4).
 l - a scarf of repulsion (worn)
 p - a +1 pair of gloves (worn)
 z - a +3 leather armour of fire resistance
Jewellery
 e - a cursed ring of attention (left hand)
 y - an amulet of the acrobat (around neck)
 C - an uncursed ring of positive energy
 D - a ring of see invisible (right hand)
Wands
 i - a wand of paralysis (3)
Scrolls
 o - 3 scrolls of immolation
 t - a scroll of fear
 E - 3 scrolls of remove curse
Potions
 d - a potion of invisibility
 g - 2 potions of resistance {unknown}
 h - a potion of agility
 j - 2 potions of magic
 m - 2 potions of brilliance
 r - 6 potions of curing {unknown}
 s - 3 potions of ambrosia {unknown}
 u - 4 potions of heal wounds {unknown}
 B - a potion of lignification {unknown}
 F - 2 potions of degeneration {unknown}
 G - a potion of cancellation {unknown}
 H - a potion of flight {unknown}
Comestibles
 f - 17 rations


   Skills:
 + Level 9.0 Fighting
 + Level 6.0 Short Blades
 + Level 7.6 Long Blades
 + Level 6.0 Axes
 + Level 6.0 Maces & Flails
 + Level 6.0 Polearms
 + Level 6.0 Staves
 + Level 6.0 Slings
 + Level 6.0 Bows
 + Level 6.0 Crossbows
 + Level 6.0 Throwing
 + Level 9.0 Armour
 + Level 6.0 Dodging
 + Level 6.0 Stealth
 + Level 9.0 Shields
 + Level 6.0 Unarmed Combat
 + Level 6.0 Spellcasting
 + Level 4.9 Conjurations
 + Level 4.9 Hexes
 + Level 4.9 Charms
 + Level 4.9 Summonings
 + Level 4.9 Necromancy
 + Level 4.9 Translocations
 + Level 4.9 Transmutations
 + Level 4.9 Fire Magic
 + Level 4.9 Ice Magic
 + Level 4.9 Air Magic
 + Level 4.9 Earth Magic
 + Level 4.9 Poison Magic
 + Level 6.5 Invocations
 + Level 6.0 Evocations


You had 22 spell levels left.
You didn't know any spells.
Your spell library was empty.

Dungeon Overview and Level Annotations

Branches:
Dungeon (11/15)            Temple (1/1) D:7            Lair (0/6) D:10
Ossuary (visited)         Gauntlet (1/1)
    Orc: D:9-12

Altars:
Ashenzari
Cheibriados
Dithmenos
Elyvilon
Fedhas
Gozag
Hepliaklqana
Kikubaaqudgha
Makhleb
Nemelex Xobeh
Okawaru
Qazlal
Ru
Sif Muna
Trog
Uskayaw
Vehumet
Wu Jian
Xom
Yredelemnul
Zin
The Shining One

Shops:
D:6 ((

Annotations:
D:10 3 runed translucent doors, TheNamelessOne's ghost, novice OpFi Gauntlet 11 transporters, 21 runed translucent doors, exclusion: ice statue


Innate Abilities, Weirdness & Mutations

Your experience applies equally to all skills.
You have very sharp teeth.
Your uncanny sense of smell can sniff out nearby items.


Message History

The wyvern simulacrum bites you. The wyvern simulacrum freezes you!
The spiny frog simulacrum hits you. The spiny frog simulacrum freezes you!
The wyvern simulacrum bites you!
* * * LOW HITPOINT WARNING * * *
The wyvern simulacrum freezes you.
* * * LOW HITPOINT WARNING * * *
Unknown command.
Unknown command.
Unknown command.
The spiny frog simulacrum misses you.
Unknown command.
You puncture the spiny frog simulacrum!
The spiny frog simulacrum is severely damaged.
The wyvern simulacrum bites you.
* * * LOW HITPOINT WARNING * * *
The wyvern simulacrum freezes you!
* * * LOW HITPOINT WARNING * * *
The spiny frog simulacrum barely misses you.
The wyvern simulacrum bites you.
You die...

#..###########...
#..#.........#...#.
###..#......PP.#...#.
#8#..#..#..P#P.#...#.
###..#.PP...PP.#.###.
#..#....©....#.#©##
###..#.PP......#.#.#.# PZ#.#
#8#..#..#...#P.#.#.#.. #PZ##
###..#.....ZZ@.#.#.#...
.#P[# #..#....©(Z..#.#.#...
..#.#
###..#############.#####
#####
#8#......#©........#....
....#
###≈.....#########.#####
#####
#####..........#.#.........#
#8#..........#.#.##...##.#
###########..#.#.#.# #.#.#
#8# #8#..#.#..##.##.?#


You could see a spiny frog simulacrum, a wyvern simulacrum and a centaur warrior
simulacrum.

Vanquished Creatures
  Erica (D:9)
  A two-headed ogre (D:8)
  Pikel (D:9)
  The ghost of Fluffius the Chopper, a novice DrCK of Xom (D:6)
  A gargoyle (D:9)
  A kobold demonologist (D:6)
  Prince Ribbit (D:8)
  A hippogriff (D:8)
  A hungry ghost (D:8)
  Eustachio (D:6)
  Edmund (D:4)
  A water moccasin (D:7)
  4 black bears
  A sky beast (D:6)
  5 orc warriors
  2 ice beasts
  4 ogres
  A crocodile (D:10)
  5 centaurs
  8 big kobolds
  2 elf zombies (Ossuary)
  2 bullfrogs
  A wyvern skeleton (D:9)
  A hornet simulacrum (Gauntlet)
  2 scorpions
  4 wights (D:7)
  2 howler monkeys
  A crimson imp (D:6)
  3 centaur zombies
  A bullfrog zombie (D:7)
  A wyvern simulacrum (Gauntlet)
  3 jellies
  3 orc priests
  4 hounds
  6 orc wizards
  A centaur skeleton (D:9)
  Terence (D:2)
  Ijyb (D:4)
  6 iguanas
  3 worker ants
  A killer bee zombie (D:7)
  A hound skeleton (D:11)
  2 mummies (Ossuary)
  8 adders
  2 shadow imps
  An ooze (D:2)
  2 adder skeletons
  2 adder zombies
  3 worms
  4 dart slugs
  4 leopard geckos
  33 orcs
  A ball python (D:1)
  4 bats
  4 giant cockroaches
  6 goblins
  9 hobgoblins
  5 jackals (D:2)
  A quokka (D:8)
  4 frilled lizards
  A goblin zombie (Ossuary)
  8 hobgoblin zombies (Ossuary)
  5 kobolds
  12 kobold zombies (Ossuary)
  9 orc zombies (Ossuary)
  A quokka zombie (D:4)
  7 rats
  3 rat zombies
233 creatures vanquished.

Vanquished Creatures (others)
  2 slaves (D:9)
  A crimson imp (D:9)
  4 kobolds (D:9)
  4 fungi (D:6)
  15 withered plants (Gauntlet)
26 creatures vanquished.

Grand Total: 259 creatures vanquished

Notes
Turn   | Place    | Note
-------+----------+-------------------------------------------
     0 | D:1      | floatRand the Gnoll Fighter began the quest for the Orb.
     0 | D:1      | Reached XP level 1. HP: 23/23 MP: 1/1
   178 | D:1      | Reached XP level 2. HP: 29/29 MP: 2/2
   633 | D:2      | Reached XP level 3. HP: 35/35 MP: 3/3
   816 | D:2      | Reached skill level 1 in Invocations
   972 | D:2      | Reached skill level 1 in Short Blades
   972 | D:2      | Reached skill level 1 in Axes
   972 | D:2      | Reached skill level 1 in Maces & Flails
   972 | D:2      | Reached skill level 1 in Polearms
   972 | D:2      | Reached skill level 1 in Staves
   972 | D:2      | Reached skill level 1 in Slings
   972 | D:2      | Reached skill level 1 in Bows
   972 | D:2      | Reached skill level 1 in Crossbows
   972 | D:2      | Reached skill level 1 in Throwing
   972 | D:2      | Reached skill level 1 in Dodging
   972 | D:2      | Reached skill level 1 in Stealth
   972 | D:2      | Reached skill level 1 in Unarmed Combat
   972 | D:2      | Reached skill level 1 in Spellcasting
   972 | D:2      | Reached skill level 1 in Evocations
  1054 | D:2      | Reached XP level 4. HP: 41/41 MP: 5/5
  1249 | D:2      | Noticed Terence
  1251 | D:2      | You fall into a shaft and drop 1 floor!
  1491 | D:3      | Found a shimmering blue altar of Sif Muna.
  1534 | D:3      | Reached skill level 1 in Conjurations
  1534 | D:3      | Reached skill level 1 in Hexes
  1534 | D:3      | Reached skill level 1 in Charms
  1534 | D:3      | Reached skill level 1 in Summonings
  1534 | D:3      | Reached skill level 1 in Necromancy
  1534 | D:3      | Reached skill level 1 in Translocations
  1534 | D:3      | Reached skill level 1 in Transmutations
  1534 | D:3      | Reached skill level 1 in Fire Magic
  1534 | D:3      | Reached skill level 1 in Ice Magic
  1534 | D:3      | Reached skill level 1 in Air Magic
  1534 | D:3      | Reached skill level 1 in Earth Magic
  1534 | D:3      | Reached skill level 1 in Poison Magic
  1551 | D:3      | Noticed an ice beast
  1573 | D:3      | Killed an ice beast
  1573 | D:3      | Reached XP level 5. HP: 40/47 MP: 5/7
  1693 | D:2      | Killed Terence
  1693 | D:2      | Reached XP level 6. HP: 45/53 MP: 8/8
  1955 | D:2      | Found an iron altar of Okawaru.
  2405 | D:4      | Found a sand-covered staircase.
  2430 | Ossuary  | Entered an ossuary
  2548 | Ossuary  | Reached skill level 5 in Long Blades
  2603 | Ossuary  | Reached XP level 7. HP: 27/59 MP: 10/10
  3312 | D:4      | Noticed Ijyb
  3315 | D:4      | Noticed Edmund
  3331 | D:4      | Killed Ijyb
  3339 | D:4      | Killed Edmund
  3735 | D:5      | Entered Level 5 of the Dungeon
  3781 | D:5      | Found a stormy altar of Qazlal.
  3800 | D:5      | Reached XP level 8. HP: 43/67 MP: 12/12
  4097 | D:5      | Found a blossoming altar of Fedhas.
  4174 | D:5      | Found a shattered altar of Ashenzari.
  4528 | D:5      | Found a burning altar of Makhleb.
  4533 | D:5      | Found an opulent altar of Gozag.
  4534 | D:5      | Found a glowing silver altar of Zin.
  4577 | D:6      | Found Berphet's Antique Weapon Emporium.
  4662 | D:6      | Found a runed translucent gate.
  4662 | D:6      | Found a runed translucent gate.
  4662 | D:6      | Found a runed translucent gate.
  4665 | D:6      | Noticed Fluffius's ghost (novice DrCK)
  4673 | D:6      | Identified the +8 dagger of the Equator {pain, rPois SInv}
  4677 | D:6      | Noticed a kobold demonologist
  4830 | D:6      | Found Ynnaoz's Weapon Boutique.
  5406 | D:6      | Found an iron altar of Okawaru.
  5406 | D:6      | Found a glowing golden altar of the Shining One.
  5411 | D:6      | Found a faded altar of an unknown god.
  5413 | D:6      | Found a faded altar of an unknown god.
  5414 | D:6      | Found a white marble altar of Elyvilon.
  5483 | D:6      | Noticed Eustachio
  5493 | D:6      | Killed Eustachio
  5493 | D:6      | Reached XP level 9. HP: 57/72 MP: 14/14
  5624 | D:6      | Noticed a sun demon
  5626 | D:6      | Noticed an ice devil
  5629 | D:6      | Killed a kobold demonologist
  5964 | D:6      | Killed Fluffius's ghost
  6517 | D:7      | Reached skill level 5 in Invocations
  6737 | D:7      | Found a staircase to the Ecumenical Temple.
  6743 | Temple   | Entered the Ecumenical Temple
  6835 | Temple   | Became a worshipper of Cheibriados the Contemplative
  7190 | D:7      | Reached XP level 10. HP: 55/80 MP: 17/17
  7256 | D:7      | Found a hide-covered altar of Uskayaw.
  7693 | D:8      | Noticed a two-headed ogre
  7849 | D:8      | Noticed Prince Ribbit
  7874 | D:8      | Killed a two-headed ogre
  7874 | D:8      | Reached skill level 5 in Short Blades
  7874 | D:8      | Reached skill level 5 in Axes
  7874 | D:8      | Reached skill level 5 in Maces & Flails
  7874 | D:8      | Reached skill level 5 in Polearms
  7874 | D:8      | Reached skill level 5 in Staves
  7874 | D:8      | Reached skill level 5 in Slings
  7874 | D:8      | Reached skill level 5 in Bows
  7874 | D:8      | Reached skill level 5 in Crossbows
  7874 | D:8      | Reached skill level 5 in Throwing
  7874 | D:8      | Reached skill level 5 in Dodging
  7874 | D:8      | Reached skill level 5 in Stealth
  7874 | D:8      | Reached skill level 5 in Unarmed Combat
  7874 | D:8      | Reached skill level 5 in Spellcasting
  7874 | D:8      | Reached skill level 5 in Evocations
  8033 | D:8      | Killed Prince Ribbit
  8984 | D:9      | Noticed Erica
  8990 | D:9      | Killed Erica
  9010 | D:9      | Noticed Pikel
  9023 | D:9      | Killed Pikel
  9250 | D:9      | Reached * piety under Cheibriados
  9250 | D:9      | Noticed a gargoyle
  9260 | D:9      | Killed a gargoyle
  9276 | D:9      | Reached XP level 11. HP: 56/87 MP: 19/19
  9440 | D:9      | Found a shimmering altar of Xom.
  9484 | D:9      | Found a shattered altar of Ashenzari.
  9518 | D:9      | Found an ornate altar of the Wu Jian Council.
  9672 | D:10     | Entered Level 10 of the Dungeon
  9855 | D:10     | Got a pitted leather armour
  9923 | D:10     | Found a runed translucent gate.
  9950 | D:10     | Found a runed translucent gate.
  9950 | D:10     | Found a runed translucent gate.
  9952 | D:10     | Found an opulent altar of Gozag.
  9952 | D:10     | Noticed a frost giant
  9955 | D:10     | Noticed TheNamelessOne's ghost (novice OpFi)
 10339 | D:10     | Found a staircase to the Lair.
 10497 | D:10     | Reached ** piety under Cheibriados
 10882 | D:10     | Identified the +2 leather armour of Daisies {Slay+2} (You
                  | found it on level 10 of the Dungeon)
 10897 | D:11     | Got a transparent robe
 11189 | D:11     | Found a gate leading to a gauntlet.
 11195 | Gauntlet | Entered a Gauntlet
 11195 | Gauntlet | Found a transporter.
 11195 | Gauntlet | Found a transporter.
 11452 | Gauntlet | Found a transporter.
 11461 | Gauntlet | Found a transporter.
 11463 | Gauntlet | Found a large runed translucent door.
 11463 | Gauntlet | Found a large runed translucent door.
 11464 | Gauntlet | Found a large runed translucent door.
 11464 | Gauntlet | Found a large runed translucent door.
 11465 | Gauntlet | Found a large runed translucent door.
 11465 | Gauntlet | Found a runed translucent door.
 11465 | Gauntlet | Found a large runed translucent door.
 11465 | Gauntlet | Found a runed translucent door.
 11465 | Gauntlet | Found a large runed translucent door.
 11465 | Gauntlet | Found a large runed translucent door.
 11466 | Gauntlet | Found a large runed translucent door.
 11466 | Gauntlet | Found a large runed translucent door.
 11469 | Gauntlet | Found a large runed translucent door.
 11469 | Gauntlet | Found a large runed translucent door.
 11471 | Gauntlet | Found a large runed translucent door.
 11471 | Gauntlet | Found a large runed translucent door.
 11471 | Gauntlet | Found a large runed translucent door.
 11473 | Gauntlet | Found a runed translucent gate.
 11473 | Gauntlet | Found a runed translucent gate.
 11473 | Gauntlet | Found a runed translucent gate.
 11475 | Gauntlet | Found a transporter.
 11487 | Gauntlet | Found a large runed translucent door.
 11489 | Gauntlet | Found a transporter.
 11504 | Gauntlet | Noticed a sixfirhy
 11504 | Gauntlet | Noticed a sixfirhy
 11506 | Gauntlet | Found a transporter.
 11585 | Gauntlet | Found a transporter.
 11602 | Gauntlet | Found a transporter.
 11617 | Gauntlet | Found a transporter.
 11630 | Gauntlet | Found a transporter.
 11641 | Gauntlet | Noticed a dire elephant
 11737 | Gauntlet | Found a transporter.
 11743 | Gauntlet | Slain by a wyvern simulacrum

Levels and vault maps discovered:
D:1:      wander_arrival_peaceful_grave, layout_loops_ring,
          corexii_hall_statues_x
D:2:      layout_basic, kennysheep_okawaru_gauntlet, uniq_terence
D:3:      layout_rooms, overflow_temple_1_default
D:4:      layout_loops_ring, first_ration, enter_ossuary_4, serial_bayou,
          serial_bayou_ford_a, serial_bayou_pond_c, serial_bayou_pond_d,
          serial_bayou_pond_c, serial_bayou_shore_b, uniq_ijyb, uniq_edmund
D:5:      layout_loops_ring, grunt_temple_overflow_forces_of_nature, minitemple,
          nicolae_overflow_crystal_walls, solitary_fountain
D:6:      layout_rooms, chequers_temple_overflow_minitemple, serial_shops, shop,
          shop, gammafunk_ghost_nasty_kobolds, hex_tiny, uniq_eustachio
D:7:      layout_loops_ring, kennysheep_mini, minmay_temple_entry_wispy,
          serial_glass, glass_columns_a, glass_columns_a
D:8:      layout_layer_cave, uniq_prince_ribbit1
D:9:      layout_rooms, lemuel_doored_altar, kennysheep_mini_moat, basic_altar,
          uniq_erica, uniq_pikel
D:10:     layout_gridville, lair_entry_dummy, ebering_ghost_gozag
D:11:     layout_roguey [special_room_orc], nicolae_trove_entry_crystal,
          gauntlet_entry_generic
Temple:   dpeg_three_leaves_temple
Gauntlet: gammafunk_gauntlet_branching [gammafunk_gauntlet_arena_split_x,
          gammafunk_gauntlet_arena_hedges,
          minmay_gauntlet_arena_make_your_own_arena,
          gammafunk_gauntlet_arena_grid, gammafunk_gauntlet_arena_arrow_garden,
          gammafunk_gauntlet_arena_corners, nicolae_gauntlet_arena_x,
          gammafunk_gauntlet_arena_spirals, gauntlet_exit_spiral]

Skill      XL: |  1  2  3  4  5  6  7  8  9 10 11 |
---------------+----------------------------------+-----
Invocations    | 1 2 3 4 5 6 |  6.5
Short Blades   | 1 2 3 4 5 6 |  6.0
Axes           | 1 2 3 4 5 6 |  6.0
Maces & Flails | 1 2 3 4 5 6 |  6.0
Polearms       | 1 2 3 4 5 6 |  6.0
Staves         | 1 2 3 4 5 6 |  6.0
Slings         | 1 2 3 4 5 6 |  6.0
Bows           | 1 2 3 4 5 6 |  6.0
Crossbows      | 1 2 3 4 5 6 |  6.0
Throwing       | 1 2 3 4 5 6 |  6.0
Dodging        | 1 2 3 4 5 6 |  6.0
Stealth        | 1 2 3 4 5 6 |  6.0
Unarmed Combat | 1 2 3 4 5 6 |  6.0
Spellcasting   | 1 2 3 4 5 6 |  6.0
Evocations     | 1 2 3 4 5 6 |  6.0
Conjurations   | 1 2 3 4 |  4.9
Hexes          | 1 2 3 4 |  4.9
Charms         | 1 2 3 4 |  4.9
Summonings     | 1 2 3 4 |  4.9
Necromancy     | 1 2 3 4 |  4.9
Translocations | 1 2 3 4 |  4.9
Transmutations | 1 2 3 4 |  4.9
Fire Magic     | 1 2 3 4 |  4.9
Ice Magic      | 1 2 3 4 |  4.9
Air Magic      | 1 2 3 4 |  4.9
Earth Magic    | 1 2 3 4 |  4.9
Poison Magic   | 1 2 3 4 |  4.9
Long Blades    | 5 6 7 |  7.6
Fighting       | 7 8 9 |  9.0
Armour         | 7 8 9 |  9.0
Shields        | 7 8 9 |  9.0

Action                   |  1- 3 |  4- 6 |  7- 9 | 10-12 || total
-------------------------+-------+-------+-------+-------++-------
Melee: Long sword        |   100 |   206 |    65 |       ||   371
       Bite              |    12 |    30 |    39 |    26 ||   107
       Dire flail        |       |       |   160 |   151 ||   311
       Dagger            |       |       |    92 |    67 ||   159
Throw: Dart              |       |       |     3 |       ||     3
Evoke: Wand              |       |       |       |     3 ||     3
  Use: Potion            |       |     1 |     1 |       ||     2
       Scroll            |       |       |    14 |     7 ||    21
 Stab: Sleeping          |       |       |     4 |     6 ||    10
       Paralysed         |       |       |       |     1 ||     1
  Eat: Chunk             |     1 |     4 |     9 |     5 ||    19
       Ration            |       |     1 |     1 |     2 ||     4
Armor: Scale mail        |    47 |    73 |    33 |       ||   153
       Leather armour    |       |       |    68 |    50 ||   118
Dodge: Dodged            |    39 |    78 |   158 |   165 ||   440
       Deflected         |       |     1 |     7 |     2 ||    10
Block: Shield            |    67 |   116 |    54 |    25 ||   262
       Rpst.: Long sword |    16 |    24 |     3 |       ||    43

Table legend:
 A = Non-vault XP
 B = Vault XP
 C = Vault XP percentage of total XP
 D = Non-vault monster count
 E = Vault monster count
 F = Vault count percentage of total count
                 A         B        C        D         E       F
            +---------+---------+-------+---------+---------+-------
      Total |    6893 |    4204 |  37.9 |     175 |      58 |  24.9
            +---------+---------+-------+---------+---------+-------
        D:1 |      33 |       0 |   0.0 |      17 |       0 |   0.0
        D:2 |      64 |      38 |  37.3 |      21 |       1 |   4.5
        D:3 |     212 |       0 |   0.0 |      28 |       0 |   0.0
        D:4 |     185 |     191 |  50.8 |       8 |       4 |  33.3
        D:5 |     340 |       0 |   0.0 |      11 |       0 |   0.0
        D:6 |     816 |    1656 |  67.0 |      21 |      10 |  32.3
        D:7 |     954 |       0 |   0.0 |      16 |       0 |   0.0
        D:8 |    1643 |     296 |  15.3 |      13 |       1 |   7.1
        D:9 |    1160 |    1585 |  57.7 |      14 |       2 |  12.5
       D:10 |     961 |       0 |   0.0 |      18 |       0 |   0.0
       D:11 |     525 |       0 |   0.0 |       8 |       0 |   0.0
    Ossuary |       0 |     320 | 100.0 |       0 |      38 | 100.0
   Gauntlet |       0 |     118 | 100.0 |       0 |       2 | 100.0
            +---------+---------+-------+---------+---------+-------
